 Dungeon Crawl Stone Soup version 0.29.1-4-g47bece8355 (webtiles) character file.

Game seed: 12113630093481485659

6335 safid the Skirmisher (level 10, -1/88 HPs)
             Began as a Minotaur Hunter on Dec 8, 2022.
             Was a High Priest of Okawaru.
             Slain by a hornet (9 damage)
             ... on level 9 of the Dungeon on Dec 10, 2022.
             The game lasted 00:20:39 (13106 turns).

safid the Skirmisher (Minotaur Hunter)             Turns: 13106, Time: 00:20:41

Health: -1/88      AC:  9    Str: 16    XL:     10   Next: 64%
Magic:  9/9        EV: 13    Int:  6    God:    Okawaru [*****.]
Gold:   465        SH:  5    Dex: 24    Spells: 9/9 levels left

rFire   . . .      SeeInvis .   a - +0 shortbow
rCold   . . .      Faith    .   (shield currently unavailable)
rNeg    . . .      Spirit   .   y - +0 steam dragon scales
rPois   .          Reflect  +   d - +0 hat
rElec   .          Harm     .   h - +0 cloak
rCorr   .          Rampage  .   (no gloves)
Will    .....                   (no boots)
Stlth   ++........              r - amulet of reflection
HPRegen 0.24/turn               t - +6 ring of dexterity
MPRegen 0.11/turn               (no ring)

@: lethally poisoned (-1 -> -12), studying Armour
A: horns 2, retaliatory headbutt
a: Renounce Religion, Heroism, Finesse, Duel


You were on level 9 of the Dungeon.
You worshipped Okawaru.
Okawaru was extremely pleased with you.
You visited 2 branches of the dungeon, and saw 10 of its levels.

You collected 465 gold pieces.

Inventory:

Hand Weapons
 a - a +0 shortbow (weapon)
Missiles
 k - 4 javelins
Armour
 d - a +0 hat (worn)
 h - a +0 cloak (worn)
 y - +0 steam dragon scales (worn)
Jewellery
 r - an amulet of reflection (around neck)
 t - a +6 ring of dexterity (left hand)
Wands
 b - a wand of iceblast (9)
 w - a wand of flame (18)
Scrolls
 c - 3 scrolls of identify
 f - a scroll of noise {unknown}
 m - a scroll of magic mapping
 s - 2 scrolls of brand weapon
 v - 2 scrolls of teleportation
Potions
 i - 3 potions of mutation
 l - 2 potions of magic


   Skills:
 - Level 8.0 Fighting
 + Level 14.7 Ranged Weapons
 - Level 12.0 Armour
 - Level 2.1 Dodging
 - Level 0.7 Stealth


You had 9 spell levels left.
You didn't know any spells.
Your spell library contained the following spells:

 Spells                   Type           Power      Damage    Failure   Level
 Poisonous Vapours        Pois/Air       0%         N/A       58%         2
 Ozocubu's Armour         Ice            0%         N/A       83%         3
 Corpse Rot               Necr/Pois/Air  0%         N/A       99%         4
 Ozocubu's Refrigeration  Ice            0%         4d7       100%        7


Dungeon Overview and Level Annotations

Branches:
Dungeon (9/15)             Temple (1/1) D:4
   Lair: D:8-11         Orc: D:9-12

Altars:
Ashenzari
Cheibriados
Dithmenos
Elyvilon
Fedhas
Gozag
Hepliaklqana
Kikubaaqudgha
Makhleb
Nemelex Xobeh
Okawaru
Qazlal
Ru
Sif Muna
Trog
Uskayaw
Vehumet
Xom
Yredelemnul
Zin
The Shining One

Annotations:
D:4 3 runed translucent doors, THTSBRD's ghost, amateur DrTm
D:5 1 runed translucent door, Crazy Yiuf
D:7 3 runed translucent doors, javelincjr's ghost, novice DjCj


Innate Abilities, Weirdness & Mutations

You have a pair of horns on your head.
You reflexively headbutt those who attack you in melee.


Message History

Unknown command.
You feel much better.
You feel extremely sick. The hornet stings you.
You suddenly lose the ability to move!
The gnoll bouda barks out a call to the hunt!
The gnoll picks up the pace!
The hornet stings you.
You feel as though you will be slow longer.
The gnoll bouda gazes fiercely through you!
You feel your attacks grow feeble.
You feel very sick. The hornet stings you!
You feel as though you will be slow longer.
The hornet stings you.
You are more poisoned.
You feel as though you will be slow longer.
You feel very sick. The hornet stings you!
* * * LOW HITPOINT WARNING * * *
You shrug off the repeated paralysis!
You can move again.
Unknown command.
Unknown command.
Unknown command.
Unknown command.
Unknown command.
Unknown command.
Unknown command.
Unknown command.
Unknown command.
Unknown command.
Unknown command.
Unknown command.
Your magical effects are unravelling.
You feel magically purged.
You feel yourself speed up.
Your attacks no longer feel as feeble.
* * * LOW HITPOINT WARNING * * *
You feel very sick. The hornet stings you!
You die...

.. ..# ..# #./
#.# #.#
####.#### ###
#@ygg)..# ...
#)##)##.##.###.
#....#.......?.
######........#
#.....#.##
##..####(#
#.....yg.#
###!#....gg.
#...#######.


You could see a hornet, a gnoll bouda and a gnoll (swift).

Vanquished Creatures
  Gastronok (D:8)
  Erica (D:8)
  Grinder (D:6)
  A hornet (D:8)
  3 yaks
  4 fire bats (D:8)
  2 steam dragons
  Menkaure (D:7)
  A hell hound (D:8)
  4 orc warriors
  2 sky beasts
  A black bear (D:7)
  2 ice beasts
  4 ogres
  4 centaurs
  A phantom (D:6)
  A kobold brigand (D:7)
  A bullfrog (D:7)
  A scorpion (D:6)
  4 wights (D:7)
  A vampire bat (D:4)
  4 howler monkeys
  2 lava snakes (D:8)
  2 hounds
  3 orc priests
  4 iguanas
  4 orc wizards
  2 gnolls (D:9)
  7 adders
  3 shadow imps
  3 white imps
  3 worms
  A dart slug (D:5)
  34 orcs
  10 ball pythons
  16 bats
  13 endoplasms
  4 giant cockroaches
  8 goblins
  5 hobgoblins
  7 quokkas
  A frilled lizard (D:2)
  15 kobolds
  4 rats
  3 fire vortices (D:8)
199 creatures vanquished.

Vanquished Creatures (others)
  An orc wizard (D:9)
  2 fungi (D:7)
  2 plants (D:7)
5 creatures vanquished.

Grand Total: 204 creatures vanquished

Notes
Turn   | Place    | Note
-------+----------+-------------------------------------------
     0 | D:1      | safid the Minotaur Hunter began the quest for the Orb.
     0 | D:1      | Reached XP level 1. HP: 18/18 MP: 0/0
    25 | D:1      | Found a faded altar of an unknown god.
   235 | D:1      | Reached XP level 2. HP: 25/25 MP: 1/1
   628 | D:2      | Reached skill level 5 in Ranged Weapons
   628 | D:2      | Reached XP level 3. HP: 26/31 MP: 2/2
  1093 | D:2      | Reached XP level 4. HP: 40/40 MP: 3/3
  1238 | D:2      | Found a shadowy altar of Dithmenos.
  2333 | D:4      | Reached XP level 5. HP: 47/47 MP: 4/4
  2400 | D:4      | Found a runed translucent gate.
  2401 | D:4      | Found a runed translucent gate.
  2404 | D:4      | Found a runed translucent gate.
  2405 | D:4      | Noticed THTSBRD's ghost (amateur DrTm)
  2531 | D:4      | Reached skill level 5 in Fighting
  2531 | D:4      | Reached skill level 6 in Ranged Weapons
  2635 | D:4      | Found a staircase to the Ecumenical Temple.
  2646 | Temple   | Entered the Ecumenical Temple
  2835 | Temple   | Became a worshipper of Warmaster Okawaru
  3283 | D:5      | Entered Level 5 of the Dungeon
  3356 | D:5      | Noticed an ice beast
  3371 | D:5      | Killed an ice beast
  3372 | D:5      | Reached XP level 6. HP: 40/57 MP: 5/5
  3385 | D:5      | Reached * piety under Okawaru
  3386 | D:5      | Reached skill level 7 in Ranged Weapons
  3754 | D:5      | Found a runed translucent door.
  3755 | D:5      | Noticed Crazy Yiuf
  4168 | D:5      | Reached XP level 7. HP: 60/64 MP: 6/6
  4252 | D:5      | Identified the +9 hand axe "Obigua" {vorpal, Stlth+}
  4415 | D:6      | Noticed a steam dragon
  4688 | D:6      | Found a glowing golden altar of the Shining One.
  4715 | D:6      | Killed a steam dragon
  5377 | D:6      | Reached skill level 8 in Ranged Weapons
  7794 | D:6      | Reached XP level 8. HP: 74/74 MP: 7/7
  7842 | D:5      | Identified a scroll of acquirement
  7847 | D:5      | Acquired a manual of Armour
  8037 | D:6      | Reached skill level 1 in Armour
  8041 | D:6      | Reached skill level 9 in Ranged Weapons
  8080 | D:6      | Noticed Grinder
  8137 | D:6      | Paralysed by Grinder for 3 turns
  8142 | D:6      | Killed Grinder
  8142 | D:6      | Reached ** piety under Okawaru
  9765 | D:7      | Reached XP level 9. HP: 81/81 MP: 8/8
  9768 | D:7      | Reached skill level 10 in Ranged Weapons
  9871 | D:7      | Reached skill level 10 in Armour
 10140 | D:7      | Noticed Menkaure
 10146 | D:7      | Killed Menkaure
 10331 | D:7      | Found a runed translucent gate.
 10331 | D:7      | Found a runed translucent gate.
 10331 | D:7      | Found a runed translucent gate.
 10333 | D:7      | Noticed javelincjr's ghost (novice DjCj)
 10350 | D:7      | Reached *** piety under Okawaru
 10776 | D:7      | Reached skill level 11 in Ranged Weapons
 11329 | D:8      | Found a bloodstained altar of Trog.
 11404 | D:8      | Found a sacrificial altar of Ru.
 11416 | D:8      | Reached skill level 12 in Ranged Weapons
 11442 | D:8      | Noticed Gastronok
 11443 | D:8      | Noticed Erica
 11575 | D:8      | Killed Gastronok
 11575 | D:8      | Reached **** piety under Okawaru
 11576 | D:8      | Reached skill level 13 in Ranged Weapons
 11576 | D:8      | Reached XP level 10. HP: 25/88 MP: 9/9
 11825 | D:8      | Killed Erica
 11825 | D:8      | Reached ***** piety under Okawaru
 12705 | D:8      | Reached skill level 14 in Ranged Weapons
 12879 | D:8      | Identified the +3 plate armour of Midwinter {Fly rN+}
                  | (Okawaru gifted it to you on level 8 of the Dungeon)
 12879 | D:8      | Received a gift from Okawaru
 13103 | D:9      | Paralysed by a hornet for 3 turns
 13106 | D:9      | Slain by a hornet

Illustrated notes

Levels and vault maps discovered:
D:1:      minmay_arrival_jagged, layout_basic, ebering_ecumenical_altar_webs
D:2:      minmay_door_path, layout_basic, basic_altar, minmay_increasing_density
D:3:      layout_loops_ring
D:4:      layout_basic, minmay_temple_entry_trees, gammafunk_ghost_split,
          roderic_batcave
D:5:      layout_loops_ring, kennysheep_generic_room_16, uniq_crazy_yiuf_cottage
D:6:      layout_layer_cave, tso_oasis_becter, uniq_grinder
D:7:      layout_basic, gammafunk_ghost_nasty_kobolds, uniq_menkaure
D:8:      layout_basic, marbit_many_paths, nicolae_ru_great_annihilating_truth,
          hangedman_incinerator, uniq_gastronok, uniq_erica
D:9:      layout_basic, kennysheep_little_box, nicolae_dithmenos_shadow_blocks,
          erik_lair_island, nicolae_concentric_dashed_squares_wild
Temple:   bh_familiar_temple

Skill      XL: |  1  2  3  4  5  6  7  8  9 10 |
---------------+-------------------------------+-----
Fighting       | 3 4 5 6 8 |  8.0
Ranged Weapons | 5 6 7 8 9 13 14 | 14.7
Armour         | 9 12 | 12.0
Dodging        | |  2.1
Stealth        | |  0.7

Action                   |  1- 3 |  4- 6 |  7- 9 | 10-12 || total
-------------------------+-------+-------+-------+-------++-------
Melee: Shortbow          |       |       |       |     2 ||     2
 Fire: Shortbow          |   101 |   149 |   421 |   139 ||   810
Evoke: Wand              |       |       |       |     2 ||     2
  Use: Scroll            |       |       |    14 |       ||    14
       Potion            |       |       |     7 |     3 ||    10
Armor: Leather armour    |     6 |    14 |     2 |       ||    22
       Steam dragon scal |       |       |    32 |    19 ||    51
Dodge: Dodged            |    27 |    32 |   115 |    30 ||   204
Block: Other             |       |     5 |    49 |    10 ||    64
       Reflection        |       |       |     3 |       ||     3
